 Dungeon Crawl Stone Soup version 0.25.1-2-g60ff931df9 (webtiles) character file.

Game seed: 3748921562980722298

401 Erymatos the Chopper (level 6, 0/56 HPs)
             Began as a Minotaur Berserker on Nov 12, 2020.
             Was a Priest of Trog.
             Slain by a gnoll
             ... wielding a +0 halberd
              (13 damage)
             ... on level 3 of the Dungeon.
             The game lasted 00:03:15 (3273 turns).

Erymatos the Chopper (Minotaur Berserker)           Turns: 3273, Time: 00:03:16

Health: 0/56       AC:  3    Str: 23    XL:     6   Next: 54%
Magic:  5/5        EV: 13    Int:  4    God:    Trog [***...]
Gold:   145        SH:  0    Dex: 10    Spells: 5/5 levels left

rFire    . . .     SeeInvis .   a - +0 hand axe
rCold    . . .     Gourm    .   (no shield)
rNeg     . . .     Faith    .   b - +0 animal skin
rPois    .         Spirit   .   (helmet restricted)
rElec    .         Reflect  .   l - +0 cloak
rCorr    .         Harm     .   (no gloves)
MR       ++...                  (no boots)
Stlth    +.........             (no amulet)
HPRegen  1.18/turn              (no ring)
MPRegen  0.09/turn              (no ring)

@: lethally poisoned (0 -> -1), berserk cooldown, regenerating, slowed, very
slow
A: retaliatory headbutt, horns 2
a: Berserk, Trog's Hand, Renounce Religion


You were on level 3 of the Dungeon.
You worshipped Trog.
Trog was most pleased with you.
You were very hungry.

You visited 1 branch of the dungeon, and saw 3 of its levels.

You collected 145 gold pieces.

Inventory:

Hand Weapons
 a - a +0 hand axe (weapon)
Armour
 b - a +0 animal skin (worn)
 l - a +0 cloak (worn)
Jewellery
 r - an uncursed ring of protection from cold {unknown}
 s - an uncursed ring of stealth {unknown}
Wands
 f - a wand of flame (13)
Scrolls
 d - a scroll of immolation {unknown}
 e - 2 scrolls of teleportation {unknown}
 i - 3 scrolls of remove curse {unknown}
 j - 2 scrolls of identify {unknown}
 k - a scroll of enchant weapon {unknown}
 m - 2 scrolls of fear {unknown}
Potions
 g - 3 potions of curing {unknown}
 h - a potion of ambrosia {unknown}
 o - a potion of lignification {unknown}
 p - a potion of stabbing {unknown}
 q - a potion of haste {unknown}
Comestibles
 c - 7 rations
 n - 4 chunks of flesh


   Skills:
 + Level 5.5 Fighting
 + Level 6.9 Axes
 + Level 2.9 Armour
 + Level 3.7 Dodging


You had 5 spell levels left.
You didn't know any spells.
Your spell library was empty.

Dungeon Overview and Level Annotations

Branches:
Dungeon (3/15)

Altars:


Innate Abilities, Weirdness & Mutations

You reflexively headbutt those who attack you in melee.
You have a pair of horns on your head.


Message History

You are exhausted.
You feel yourself slow down.
You feel sick.
Okay, then.
Okay, then.
Your skin crawls.
You feel resistant to hostile enchantments.
You are feeling very hungry.
You feel sick. The gnoll closely misses you.
You closely miss the gnoll.
You headbutt the gnoll, but do no damage.
The gnoll is heavily wounded.
You feel sick.
The gnoll barely misses you. x2; The gnoll misses you.
You furiously retaliate!
You headbutt the gnoll.
Unknown command.
You barely miss the gnoll. You headbutt the gnoll.
You kill the gnoll!
Trog accepts your kill.
You feel sick. The gnoll barely misses you.
The gnoll hits you from afar with a +0 halberd!
You die...

≈≈###+# +..+ ≈≈≈.#
#######''###### ≈≈≈.#
............... ≈≈≈.#
.....g.g....... ≈≈≈.#
....gg.gggg.g.. ≈≈≈.#
...ggg))).gg... ≈≈≈.# ##'g##
≈≈≈.# #######g.g.# ≈≈≈.#
+...@)gggg.+ ≈≈###+# #######g...#
≈≈#...#############''''##########
≈≈#.gg#................[.........
≈≈#####≈≈≈≈≈≈≈≈≈≈≈≈....≈≈≈≈≈≈≈≈≈≈
≈≈≈≈≈≈≈≈≈≈≈≈≈≈≈≈≈≈≈....≈≈≈≈≈≈≈≈≈≈
≈≈≈≈≈≈≈≈≈≈≈≈≈≈≈≈≈≈≈....≈≈≈≈≈≈≈≈≈≈
...........÷).......).)..........
##################...######.####(


You could see 8 gnolls.

Vanquished Creatures
  An ogre (D:3)
  A bullfrog (D:3)
  A gnoll shaman (D:3)
  Natasha (thrice) (D:2)
  2 adders (D:2)
  5 gnolls (D:3)
  2 dart slugs (D:3)
  2 leopard geckos (D:1)
  8 orcs (D:3)
  2 ball pythons
  A giant cockroach (D:3)
  9 hobgoblins
  14 jackals (D:3)
  3 bats
  4 frilled lizards
  5 goblins
  8 kobolds
  10 rats
81 creatures vanquished.

Notes
Turn   | Place    | Note
-------+----------+-------------------------------------------
     0 | D:1      | Erymatos the Minotaur Berserker began the quest for the
                  | Orb.
     0 | D:1      | Reached XP level 1. HP: 19/19 MP: 0/0
   424 | D:1      | Reached XP level 2. HP: 27/27 MP: 1/1
   431 | D:1      | Reached skill level 4 in Axes
  1056 | D:2      | Reached XP level 3. HP: 33/33 MP: 2/2
  1146 | D:2      | Noticed Natasha
  1152 | D:2      | Killed Natasha
  1152 | D:2      | Reached ** piety under Trog
  1331 | D:2      | Noticed Natasha
  1336 | D:2      | Killed Natasha
  1336 | D:2      | Reached skill level 5 in Axes
  1336 | D:2      | Reached XP level 4. HP: 32/41 MP: 3/3
  1557 | D:2      | Noticed Natasha
  1567 | D:2      | Killed Natasha
  2380 | D:3      | Reached XP level 5. HP: 47/47 MP: 4/4
  2389 | D:3      | Reached skill level 5 in Fighting
  2491 | D:3      | Reached skill level 6 in Axes
  2887 | D:3      | Reached *** piety under Trog
  3260 | D:3      | Noticed an ogre
  3263 | D:3      | Reached XP level 6. HP: 51/56 MP: 5/5
  3273 | D:3      | Slain by a gnoll

Illustrated notes

Levels and vault maps discovered:
D:1:      minmay_arrival_shattered_statue, layout_basic
D:2:      layout_loops_ring, kennysheep_generic_room_15, uniq_natasha
D:3:      lemuel_castle_with_subvaults [lemuel_castle_interior_original],
          layout_rooms, fountainhead, chequers_serial_rivers_small_b

Skill      XL: |  1  2  3  4  5 |
---------------+----------------+-----
Fighting       | 4 5 |  5.5
Axes           | 4 5 6 |  6.9
Dodging        | 3 |  3.7
Armour         | |  2.9

Action                   |  1- 3 |  4- 6 || total
-------------------------+-------+-------++-------
Melee: Hand axe          |    61 |    96 ||   157
       Headbutt          |    11 |    17 ||    28
Invok: Berserk           |     2 |     2 ||     4
       Trog's Hand       |       |     1 ||     1
 Stab: Sleeping          |     1 |       ||     1
  Eat: Chunk             |     2 |     8 ||    10
Armor: Animal skin       |    13 |    24 ||    37
Dodge: Dodged            |    48 |    90 ||   138
